 Dungeon Crawl Stone Soup version 0.27.0-66-gdc8fb28755 (webtiles) character file.

Game seed: 2733022407031135247

7535 Malachi the Reanimator (level 10, -8/67 HPs)
             Began as a Deep Dwarf Necromancer on Aug 20, 2021.
             Was an Elder of Cheibriados.
             Mangled by a troll (10 damage)
             ... on level 9 of the Dungeon.
             The game lasted 00:24:23 (13817 turns).

Malachi the Reanimator (Deep Dwarf Necromancer)    Turns: 13817, Time: 00:24:24

Health: -8/67      AC:  8    Str: 22    XL:     10   Next: 96%
Magic:  1/19       EV: 13    Int: 31    God:    Cheibriados [****..]
Gold:   1393       SH:  5    Dex: 23    Spells: 12/21 levels left

rFire    . . .     SeeInvis +   m - +5 dire flail (protect)
rCold    . . .     Faith    .   (shield currently unavailable)
rNeg     + . .     Spirit   .   y - +2 robe {Archmagi}
rPois    .         Reflect  +   x - +1 hat
rElec    .         Harm     .   v - +0 cloak
rCorr    .         Rampage  .   d - +1 pair of gloves {Stlth+}
Will     +....     Archmagi +   (no boots)
Stlth    ++++......             s - amulet of reflection
HPRegen  0.00/turn              i - ring of see invisible
MPRegen  0.16/turn              j - ring of positive energy

@: very slow
A: damage resistance, heal wounds, sense surroundings 2, no regeneration, clever
1, frail 1
a: Heal Wounds, Renounce Religion, Bend Time, Temporal Distortion, Slouch


You were on level 9 of the Dungeon.
You worshipped Cheibriados.
Cheibriados was greatly pleased with you.
You visited 1 branch of the dungeon, and saw 9 of its levels.

You collected 1393 gold pieces.

Inventory:

Hand Weapons
 a - a +2 whip of freezing
 e - a +3 whip of electrocution
 m - a +5 dire flail of protection (weapon)
Missiles
 n - 2 throwing nets
Armour
 d - a +1 pair of gloves of stealth (worn)
 h - a +2 robe of willpower
 p - a scarf of invisibility
 v - a +0 cloak (worn)
 x - a +1 hat (worn)
 y - a +2 robe of the Archmagi (worn)
 A - the +0 ring mail of Paranoia {rPois Dex+7}
   (You found it on level 8 of the Dungeon)

   Dex:       It affects your dexterity (+7).
   rPois:     It protects you from poison.
Jewellery
 i - a ring of see invisible (left hand)
 j - a ring of positive energy (right hand)
 s - an amulet of reflection (around neck)
Wands
 b - a wand of polymorph (8)
 u - a wand of flame (19)
 w - a wand of digging (2)
Scrolls
 g - 2 scrolls of fog
 k - 2 scrolls of blinking
 o - 4 scrolls of teleportation
 r - 2 scrolls of amnesia
 t - 5 scrolls of identify
 z - a scroll of magic mapping
 B - a scroll of vulnerability
 C - a scroll of fear
Potions
 c - 4 potions of curing
 f - 2 potions of lignification
 l - a potion of flight
 q - a potion of magic


   Skills:
 + Level 9.9 Maces & Flails
 - Level 2.7 Dodging
 - Level 2.5 Stealth
 + Level 2.2 Shields
 - Level 6.0 Spellcasting
 - Level 10.3 Necromancy
 - Level 10.0 Invocations


You had 12 spell levels left.
You knew the following spells:

 Your Spells              Type           Power      Damage    Failure   Level
a - Pain                  Necr           100%       1d9       1%          1
b - Vampiric Draining     Necr           41%        2d11      1%          3
c - Agony                 Necr           83%        N/A       1%          5

Your spell library contained the following spells:

 Spells                   Type           Power      Damage    Failure   Level
 Animate Skeleton         Necr           100%       N/A       1%          1
 Animate Dead             Necr           41%        N/A       1%          4
 Beastly Appendage        Tmut           26%        N/A       4%          1
 Slow                     Hex            13%        N/A       8%          2
 Wereblood                Tmut           13%        N/A       8%          2
 Confusing Touch          Hex            13%        N/A       14%         3
 Dazzling Flash           Conj/Hex       26%        N/A       14%         3
 Spider Form              Tmut/Pois      6%         N/A       14%         3
 Iskenderun's Mystic Bla  Conj/Tloc      13%        2d5       43%         4
 Yara's Violent Unravell  Hex/Tmut       6%         3d5       80%         5
 Starburst                Conj/Fire      6%         6d4       100%        6


Dungeon Overview and Level Annotations

Branches:
Dungeon (9/15)             Temple (0/1) D:6             Orc (0/2) D:9
   Lair: D:8-11

Altars:
Ashenzari
Cheibriados
Fedhas
Kikubaaqudgha
Qazlal
The Shining One

Shops:
D:2 *   D:8 *


Innate Abilities, Weirdness & Mutations

You are resistant to damage.
You can heal yourself by infusing magical energy.
You passively map the area around you.
You do not regenerate.
Your mind is acute. (Int +2)
You are frail. (-10% HP)


Message History

The troll closely misses you. You block the troll's attack.
Unknown command.
Unknown command.
Unknown command.
A troll is nearby!
Aiming: Throw Flame
Press: ? - help, Shift-Dir - straight line, f/p - troll
Aim: a troll (heavily wounded, 68% to hit)
The puff of flame hits the troll.
The troll is heavily wounded.
The troll barely misses you. x2; You block the troll's attack.
Unknown command.
Aiming: Throw Flame
Press: ? - help, Shift-Dir - straight line, f/p - troll
Aim: a troll (heavily wounded, 68% to hit)
The puff of flame hits the troll!
The troll is severely wounded.
The troll barely misses you. The troll claws you but does no damage.
You block the troll's attack.
Aiming: Throw Flame
Press: ? - help, Shift-Dir - straight line, f/p - troll
Aim: a troll (severely wounded, 68% to hit)
The puff of flame hits the troll.
The troll is severely wounded.
The troll bites you. The troll claws you! x2
* * * LOW HITPOINT WARNING * * *
Aiming: Throw Flame
Press: ? - help, Shift-Dir - straight line, f/p - troll
Aim: a troll (severely wounded, 68% to hit)
The puff of flame hits the troll.
The troll is almost dead.
The troll barely misses you. The troll claws you but does no damage.
The troll closely misses you.
Aiming: Throw Flame
Press: ? - help, Shift-Dir - straight line, f/p - troll
Aim: a troll (almost dead, 68% to hit)
The puff of flame misses the troll.
The troll bites you!
* * * LOW HITPOINT WARNING * * *
The troll claws you!
You die...

#.## #.# #..## #.# #...#
#.# * ########.#.## #.#
*,,.#...#.......# #.#
...#..)#...#)# ###'###
#.....###..# #......
#)#.#...#,#..# #......
#'....@+ #..#####......
*
...#####T..#....##......
.# * #.....##..#...... ,
, +.....###.+...... * *,
#.#.............. , ,,*
*#...#..########## ,, ,,
Z'##...# , # #$#...# *,
,, #..


You could see a troll.

Vanquished Creatures
  Erica (D:8)
  Pikel (D:5)
  Maurice (D:8)
  Psyche (D:8)
  Sigmund (D:2)
  5 yaks (D:9)
  3 wyverns (D:9)
  A wraith (D:9)
  Edmund (D:5)
  2 wargs (D:9)
  5 water moccasins
  2 sky beasts
  A hornet zombie (D:8)
  A black bear (D:8)
  A necrophage (D:8)
  5 orc warriors
  5 ogres
  4 centaurs
  2 kobold brigands (D:9)
  A scorpion (D:6)
  A gnoll sergeant (D:7)
  4 bullfrogs
  5 killer bees (D:5)
  3 wights (D:9)
  2 centaur zombies (D:9)
  A jelly (D:5)
  6 hounds
  Crazy Yiuf (D:2)
  2 gnoll shamans
  2 orc priests
  2 iguanas (D:7)
  5 orc wizards
  A killer bee zombie (D:9)
  2 howler monkey zombies
  14 gnolls
  7 adders
  A shadow imp (D:5)
  4 dart slugs
  36 orcs
  7 ball pythons
  3 bats
  4 endoplasms (D:1)
  2 giant cockroaches
  7 goblins
  9 jackals
  13 kobolds
  5 quokkas
  6 frilled lizards
  3 rats
202 creatures vanquished.

Vanquished Creatures (others)
  2 plants (D:2)
2 creatures vanquished.

Grand Total: 204 creatures vanquished

Notes
Turn   | Place    | Note
-------+----------+-------------------------------------------
     0 | D:1      | Malachi the Deep Dwarf Necromancer began the quest for the
                  | Orb.
     0 | D:1      | Reached XP level 1. HP: 15/15 MP: 3/3
   903 | D:1      | Reached XP level 2. HP: 22/22 MP: 1/4
  1250 | D:1      | Reached skill level 5 in Necromancy
  1551 | D:1      | Found a faded altar of an unknown god.
  1551 | D:1      | Noticed a hell beast
  1566 | D:1      | Became a worshipper of Cheibriados the Contemplative
  1566 | D:1      | Reached * piety under Cheibriados
  2212 | D:2      | Reached XP level 3. HP: 25/28 MP: 0/6
  2274 | D:2      | Learned a level 3 spell: Vampiric Draining
  2457 | D:2      | Reached ** piety under Cheibriados
  2479 | D:2      | Found Fuamo's Assorted Antiques.
  2599 | D:2      | Noticed Sigmund
  2604 | D:2      | Killed Sigmund
  2605 | D:2      | Reached skill level 1 in Invocations
  2605 | D:2      | Reached XP level 4. HP: 9/36 MP: 0/8
  2605 | D:2      | Reached XP level 5. HP: 11/42 MP: 0/9
  3275 | D:2      | Found a runed translucent door.
  3276 | D:2      | Noticed Crazy Yiuf
  3821 | D:2      | Identified a scroll of acquirement
  3821 | D:2      | Acquired 805 gold pieces
  3835 | D:2      | Gained mutation: You are frail. (-10% HP) [potion of
                  | mutation]
  3835 | D:2      | Gained mutation: Your mind is acute. (Int +2) [potion of
                  | mutation]
  3838 | D:2      | Killed Crazy Yiuf
  4182 | D:3      | Found a snail-covered altar of Cheibriados.
  4239 | D:3      | Found a stormy altar of Qazlal.
  4264 | D:3      | Reached XP level 6. HP: 44/44 MP: 1/10
  5529 | D:4      | Found an ancient bone altar of Kikubaaqudgha.
  5632 | D:4      | Reached *** piety under Cheibriados
  5815 | D:4      | Found a glowing golden altar of the Shining One.
  6576 | D:5      | Entered Level 5 of the Dungeon
  6812 | D:5      | Noticed Pikel
  6838 | D:5      | Killed Pikel
  6839 | D:5      | Reached skill level 1 in Maces & Flails
  6839 | D:5      | Reached XP level 7. HP: 41/49 MP: 0/13
  7120 | D:5      | Reached XP level 8. HP: 55/55 MP: 4/15
  7664 | D:5      | Reached skill level 5 in Spellcasting
  7938 | D:5      | Noticed Edmund
  7957 | D:5      | Killed Edmund
  8364 | D:5      | Reached **** piety under Cheibriados
  8376 | D:5      | Reached skill level 5 in Invocations
  9037 | D:6      | Reached skill level 10 in Necromancy
  9085 | D:6      | Found a staircase to the Ecumenical Temple.
  9146 | D:6      | Found a broken altar of Ashenzari.
  9244 | D:6      | Gained mutation: You passively map the area around you.
                  | [Deep Dwarf growth]
  9244 | D:6      | Reached XP level 9. HP: 61/61 MP: 10/17
  9557 | D:6      | Found a blossoming altar of Fedhas.
 11181 | D:7      | Reached ***** piety under Cheibriados
 11716 | D:8      | Noticed Maurice
 11757 | D:8      | Killed Maurice
 11758 | D:8      | Reached skill level 5 in Maces & Flails
 11867 | D:8      | Noticed Erica
 11880 | D:8      | Killed Erica
 11881 | D:8      | Reached XP level 10. HP: 67/67 MP: 2/19
 12052 | D:8      | Found Kacet's General Store.
 12226 | D:8      | Noticed Psyche
 12233 | D:8      | Killed Psyche
 12769 | D:8      | Identified the +0 ring mail of Paranoia {rPois Dex+7}
 12892 | D:9      | Learned a level 5 spell: Agony
 12944 | D:9      | Reached skill level 1 in Shields
 13127 | D:9      | Reached skill level 10 in Invocations
 13268 | D:9      | Found a staircase to the Orcish Mines.
 13817 | D:9      | HP: 2/67 [troll (13)]
 13817 | D:9      | Mangled by a troll

Illustrated notes

Levels and vault maps discovered:
D:1:      elethiomel_arrival_quiet, layout_basic,
          dreamdust_ecumenical_altar_sealed_demon, minmay_misc_feat_nine_boxes
D:2:      layout_loops_ring, serial_shops, nicolae_shop_overgrown_old_shop,
          uniq_sigmund, uniq_crazy_yiuf_cottage
D:3:      layout_basic, mainiacjoe_overflow_boulevard, amcnicky_altar_gilded
D:4:      layout_gridville, tso_metal_star, lemuel_doored_altar,
          hangedman_decor_clover_reticule, lemuel_old_faithful
D:5:      layout_loops_corners, uniq_edmund, uniq_pikel
D:6:      layout_loops_corners, evilmike_ruin_ashenzari, fedhas_altar_1,
          minmay_temple_entry_waves
D:7:      layout_basic, st_stairs_4
D:8:      layout_cave_pools, serial_shops, shop, uniq_erica, uniq_maurice,
          uniq_psyche
D:9:      layout_roguey, lemuel_round_altar, david_orc_1_choice,
          minmay_fractal_squares_diagonal_5

Skill      XL: |  1  2  3  4  5  6  7  8  9 10 |
---------------+-------------------------------+-----
Necromancy     | 5 6 8 10 | 10.3
Spellcasting   | 2 3 4 5 6 |  6.0
Invocations    | 1 2 3 5 9 10 | 10.0
Maces & Flails | 1 6 9 |  9.9
Shields        | 2 |  2.2
Dodging        | |  2.7
Stealth        | |  2.5

Action                   |  1- 3 |  4- 6 |  7- 9 | 10-12 || total
-------------------------+-------+-------+-------+-------++-------
Melee: Whip              |     6 |    27 |    11 |       ||    44
       Dire flail        |       |       |    74 |   119 ||   193
 Cast: Pain              |    61 |    52 |    84 |    29 ||   226
       Vampiric Draining |     2 |    27 |    60 |    37 ||   126
Invok: Slouch            |       |       |     2 |     3 ||     5
Evoke: Wand              |       |       |       |     5 ||     5
  Use: Scroll            |       |    12 |     5 |     1 ||    18
       Potion            |       |     1 |     1 |       ||     2
 Stab: Sleeping          |       |       |       |     2 ||     2
Armor: Robe              |     5 |     7 |    68 |    50 ||   130
Dodge: Dodged            |    21 |    27 |   103 |    96 ||   247
Block: Other             |       |       |     2 |    38 ||    40
       Reflection        |       |       |     1 |     2 ||     3
